 Dungeon Crawl Stone Soup version 0.31-a0-240-gb923e448b6 (webtiles) character file.

Game seed: 1965905493607706273

896 Morbidden the Ruffian (level 8, 0/52 HPs)
             Began as an Octopode Shapeshifter on July 12, 2023.
             Was an Initiate of Cheibriados.
             Slain by an acid dragon (8 damage)
             ... on level 6 of the Dungeon.
             The game lasted 00:04:51 (4270 turns).

Morbidden the Ruffian (Octopode Shapeshifter)       Turns: 4270, Time: 00:04:51

Health: 0/52       AC: -3    Str: 16 (17) XL:     8   Next: 7%
Magic:  9/9        EV: 13    Int: 11 (12) God:    Cheibriados [......]
Gold:   212        SH:  0    Dex: 10 (13) Spells: 8/8 levels left

rFire   + .          .
                       - Unarmed
rCold   . . .        (no shield)
rNeg    . . .        (helmet currently unavailable)
rPois   +            (no amulet)
rElec   .            m - ring of poison resistance
rCorr   .            r - ring of protection from fire
SInv    .            (no ring)
Will    +....        (no ring)
Stlth   +++          (no ring)
HPRegen 0.28/turn    (no ring)
MPRegen 0.11/turn    (no ring)
                     (no ring)

%: no passive effects
@: beast-form, corroded, attractive, enlightened, flying, very slow
A: beast (slay +3), almost no armour, amphibious, 8 rings, camouflage 1,
gelatinous body 1, (nimble swimmer 1), tentacles
a: Renounce Religion


You were on level 6 of the Dungeon.
You worshipped Cheibriados.
Cheibriados was noncommittal.
You were a hulking beast.
You visited 2 branches of the dungeon, and saw 7 of its levels.

You collected 362 gold pieces.
You spent 150 gold pieces at shops.

Inventory:

Jewellery
 i - a ring of fire
 m - a ring of poison resistance (left tentacle)
 r - a ring of protection from fire (right tentacle)
Talismans
 b - a beast talisman
 s - a blade talisman
Wands
 p - a wand of acid (8)
 q - a wand of flame (28)
Scrolls
 a - 2 scrolls of blinking
 e - a scroll of enchant weapon {unknown}
 g - 2 scrolls of identify
 h - 2 scrolls of fear
 l - 3 scrolls of vulnerability
 n - a scroll of immolation
Potions
 c - a potion of degeneration
 d - a potion of attraction
 k - a potion of brilliance {unknown}
 o - a potion of heal wounds {unknown}


   Skills:
 * Level 3.5 Fighting
 * Level 3.3 Dodging
 + Level 4.2 Stealth
 * Level 5.8 Unarmed Combat
 + Level 0.7 Spellcasting
 * Level 1.2 Invocations
 * Level 4.6 Shapeshifting


You had 8 spell levels left.
You didn't know any spells.
Your spell library was empty.

Dungeon Overview and Level Annotations

Branches:
Dungeon (6/15)             Temple (1/1) D:6

Altars:
Ashenzari
Cheibriados
Fedhas
Gozag
Hepliaklqana
Kikubaaqudgha
Makhleb
Nemelex Xobeh
Okawaru
Qazlal
Ru
Trog
Xom
Zin
The Shining One

Shops:
D:4 [   D:5 *

Annotations:
D:3 2 transporters, Maciety's ghost, amateur HOBe
D:5 1 runed translucent door, philipeq's ghost, novice FoFi


Innate Abilities, Weirdness & Mutations

You are a hulking beast.
Your limbs bulge with bestial killing power. (Slay +3)
You cannot wear most types of armour.
You are amphibious.
You can wear up to eight rings at the same time.
Your skin changes colour to match your surroundings (Stealth+).
Your rubbery body absorbs attacks. (AC +1, EV +1)
((You are camouflaged when in or above water. (Stealth+)))
You have tentacles for arms and can constrict up to eight enemies at once.


Message History

Unknown command.
You tentacle-slap the orc but do no damage.
You squeeze the orc, but do no damage.
The orc is almost dead.
You constrict the orc, but do no damage.
The orc hits you with a +0 club.
You bludgeon the orc!
You kill the orc!
Cheibriados appreciates the change of pace.
Unknown command.
You bludgeon the adder! You grab the adder. You squeeze the adder.
You kill the adder!
Cheibriados thoroughly appreciates the change of pace.
The acid dragon is attracted toward you.
Unknown command.
You bludgeon the acid dragon!
The acid dragon is moderately wounded.
The acid dragon spits acid at you. The splash of acid hits you!!
* * * LOW HITPOINT WARNING * * *
The acid corrodes you!
Unknown command.
You feel better. The acid dragon bites you!
* * * LOW HITPOINT WARNING * * *
The acid dragon closely misses you.
Unknown command.
You feel better. The acid dragon misses you.
The acid dragon closely misses you.
A white imp comes into view.
Unknown command.
You tentacle-slap the acid dragon.
The acid dragon is moderately wounded.
The acid dragon closely misses you. The acid dragon claws you.
* * * LOW HITPOINT WARNING * * *
Unknown command.
Unknown command.
It was a potion of enlightenment.
You feel very buoyant.
You fly up into the air.
The acid dragon bites you!
You die...

# #..##...##.#.## #.
#..#..........# ####.#
#..#.....###..#
......#####.............#
......†......#.....##...#
.
##.##..o######.....##...#
.. .......D.5.#
#..##.#....# ..
#########D.#.#..##.#..#.#
.. #..h#.>...###.......
.. ###.#........##..#.# .
#..........##..#.#
#.#.......##.##..#.# ###
#............##..#.# ...
#.##....#.##.##.<# ###
#.##.#.##.##.##.## ..
#.##.#.##.##.##.#
#####.###
#.##.#.##.##.##.#


You could see an acid dragon and a white imp.

Vanquished Creatures
  A water moccasin (D:4)
  2 ice beasts
  A centaur (D:6)
  2 bullfrogs (D:6)
  A scorpion (D:6)
  2 hounds
  2 iguanas
  A sleepcap (D:6)
  2 orc wizards (D:4)
  6 adders
  An ufetubus (D:5)
  3 worms
  2 dart slugs
  13 orcs
  9 ball pythons
  4 endoplasms
  2 giant cockroaches
  10 goblins
  5 hobgoblins
  6 jackals
  9 kobolds
  3 quokkas
  2 frilled lizards
  5 rats
94 creatures vanquished.

Notes
Turn   | Place    | Note
-------+----------+-------------------------------------------
     0 | D:1      | Morbidden the Octopode Shapeshifter began the quest for the
                  | Orb.
     0 | D:1      | Reached XP level 1. HP: 14/14 MP: 1/1
   111 | D:1      | Reached XP level 2. HP: 18/19 MP: 2/2
   571 | D:2      | Reached XP level 3. HP: 24/24 MP: 3/3
   684 | D:2      | Reached XP level 4. HP: 29/29 MP: 5/5
  1110 | D:3      | Reached skill level 1 in Stealth
  1121 | D:3      | Identified the staff of the Lair of Beasts {rN+ Str+6 Int-3
                  | Conj}
  1265 | D:3      | Found a transporter.
  1267 | D:3      | Noticed Maciety's ghost (amateur HOBe)
  1430 | D:3      | Found a transporter.
  1521 | D:4      | Noticed a water moccasin
  1525 | D:4      | Killed a water moccasin
  1526 | D:4      | Reached skill level 3 in Unarmed Combat
  1526 | D:4      | Reached XP level 5. HP: 31/35 MP: 6/6
  1582 | D:4      | Noticed an ice beast
  1604 | D:4      | Killed an ice beast
  1605 | D:4      | Reached XP level 6. HP: 9/41 MP: 7/7
  1999 | D:4      | Found a glowing silver altar of Zin.
  2032 | D:4      | Reached skill level 4 in Unarmed Combat
  2047 | D:4      | Identified the +3 leather armour "Romerph" {rN+ Dex+2}
  2222 | D:4      | Found Wisikoot's Antique Armour Boutique.
  2317 | D:4      | Found a shimmering altar of Xom.
  2660 | D:5      | Entered Level 5 of the Dungeon
  2942 | D:5      | Noticed an ice beast
  2953 | D:5      | Killed an ice beast
  2954 | D:5      | Reached XP level 7. HP: 30/46 MP: 8/8
  3499 | D:5      | Found Cidghoul's CLEARANCE SALE!.
  3503 | D:5      | Bought a ring of protection from fire for 150 gold pieces
  3617 | D:5      | Found a runed translucent door.
  3626 | D:5      | Noticed philipeq's ghost (novice FoFi)
  3871 | D:6      | Found a sparkling altar of Nemelex Xobeh.
  3878 | D:6      | Found a staircase to the Ecumenical Temple.
  3888 | Temple   | Entered the Ecumenical Temple
  4038 | Temple   | Became a worshipper of Cheibriados the Contemplative
  4062 | D:6      | Found a stormy altar of Qazlal.
  4070 | D:6      | Reached skill level 5 in Unarmed Combat
  4150 | D:6      | Reached skill level 1 in Invocations
  4258 | D:6      | Reached XP level 8. HP: 39/52 MP: 9/9
  4270 | D:6      | Slain by an acid dragon

Illustrated notes

Levels and vault maps discovered:
D:1:      tarquinn_simple_flora_water_f, layout_rooms,
          chequers_serial_rivers_small_a
D:2:      layout_basic, minmay_misc_feat_doors
D:3:      layout_loops_cross, gammafunk_ghost_mausoleum
D:4:      layout_loops_ring, tgw_xom, mainiacjoe_overflow_cross_hatched,
          serial_shops, shop, grunt_ministairs_1
D:5:      layout_basic, ebering_ghost_sewer_d, minmay_misc_feat_more_columns,
          minmay_misc_feat_diagonals, nicolae_shop_clearance
D:6:      layout_basic, nemelex_xobeh_ov_fountains_minmay,
          mainiacjoe_overflow_paths, mainiacjoe_overflow_surrounded_room,
          minmay_temple_entry_large_hall, ebering_ghost_sewer_f
Temple:   jpeg_temple_clearing

Skill      XL: |  1  2  3  4  5  6  7 |
---------------+----------------------+-----
Stealth        | 2 3 4 |  4.2
Unarmed Combat | 3 4 5 |  5.8
Shapeshifting  | 4 |  4.6
Fighting       | 3 |  3.5
Dodging        | 3 |  3.3
Invocations    | 1 |  1.2
Spellcasting   | |  0.7

Action                     |  1- 3 |  4- 6 |  7- 9 || total
---------------------------+-------+-------+-------++-------
  Melee: Unarmed           |    53 |    98 |    34 ||   185
         Constrict         |    17 |    23 |    10 ||    50
         Tentacles         |    12 |    23 |     8 ||    43
         Punch             |       |     5 |     1 ||     6
    Use: Potion            |       |     1 |     6 ||     7
         Scroll            |       |    11 |       ||    11
   Stab: Sleeping          |     7 |    12 |     4 ||    23
 Armour: Skin              |     5 |    11 |     1 ||    17
  Dodge: Dodged            |    23 |    41 |    26 ||    90
   Form: Blade             |       |       |     1 ||     1
         Beast             |       |       |     1 ||     1

Table legend: (Time is in decaauts)
 A = Elapsed time spent in this place.
 B = Non-inter-level travel time spent in this place.
 C = Inter-level travel time spent in this place.
 D = Time resting spent in this place.
 E = Time spent auto-exploring this place.
 F = Levels seen in this place.
 G = Mean time per level.
                   A        B        C        D        E       F      G
               +--------+--------+--------+--------+--------+-----+--------+
         Total |   4290 |   4115 |    175 |    342 |   3152 |   7 |  612.9 |
       Dungeon |   4121 |   3991 |    130 |    342 |   3043 |   6 |  686.8 |
        Temple |    168 |    123 |     45 |      0 |    109 |   1 |  168.0 |
               +--------+--------+--------+--------+--------+-----+--------+

Top non-repeatable levels by time:
     D:5: 1207 daAuts
     D:4: 1148 daAuts
     D:3: 592 daAuts
     D:1: 511 daAuts
     D:2: 396 daAuts
     D:6: 264 daAuts
  Temple: 168 daAuts
